 Dungeon Sprint DCSS version 0.30-a0-371-gad7725a93e (webtiles) character file.

Game seed: 13352507162854955148

452 mhtbhm the Covert (level 6, -5/55 HPs)
             Began as an Armataur Brigand on Nov 21, 2022.
             Was an Initiate of Dithmenos.
             Slain by a slime creature (12 damage)
             ... in the Dungeon (Sprint I: "Red Sonja").
             The game lasted 00:01:19 (383 turns).

mhtbhm the Covert (Armataur Brigand)                 Turns: 383, Time: 00:01:19

Health: -5/55      AC:  5    Str: 16    XL:     6   Next: 75%
Magic:  6/6        EV:  9    Int: 12    God:    Dithmenos [......]
Gold:   304        SH:  0    Dex: 13    Spells: 5/5 levels left

rFire   . . .      SeeInvis .    a - +2 dagger
rCold   . . .      Faith    .    (no shield)
rNeg    . . .      Spirit   .    b - +0 robe
rPois   .          Reflect  .    (no helmet)
rElec   .          Harm     .    c - +0 cloak
rCorr   .          Roll     +    (no gloves)
Will    .....      NoTele   +    (no barding)
Stlth   ++++++....               (no amulet)
HPRegen 0.29/turn                (no ring)
MPRegen 0.10/turn                (no ring)

@: no status effects
A: large, rugged brown scales 3, deformed body, armoured tail, roll, long
tongue, awkward tongue
a: Renounce Religion


You were in the Dungeon.
You worshipped Dithmenos.
Dithmenos was noncommittal.
You visited 1 branch You collected 304 gold pieces.

Inventory:

Hand Weapons
 a - a +2 dagger (weapon)
Missiles
 d - 9 poisoned darts
 e - 2 curare-tipped darts (quivered)
Armour
 b - a +0 robe (worn)
 c - a +0 cloak (worn)
Wands
 j - a wand of charming (11)
Scrolls
 k - a scroll of blinking
Potions
 g - a potion of heal wounds
 h - a potion of haste
 i - 2 potions of magic


   Skills:
 + Level 4.2 Fighting
 + Level 5.0 Short Blades
 + Level 4.5 Throwing
 + Level 1.1 Dodging
 + Level 14.6 Stealth


You had 5 spell levels left.
You didn't know any spells.
Your spell library was empty.

Dungeon Overview and Level Annotations

Branches:
Dungeon (1/1)

Altars:
Cheibriados
Dithmenos
Elyvilon
Fedhas
Gozag
Hepliaklqana
Kikubaaqudgha
Makhleb
Nemelex Xobeh
Okawaru
Qazlal
Ru
Sif Muna
Trog
Uskayaw
Vehumet
Wu Jian
Xom
Yredelemnul
Zin
The Shining One
Jiyva
Lugonu

Shops:
D !


Innate Abilities, Weirdness & Mutations

You are completely covered in rugged brown scales. (AC +3, +7% HP)
Armour fits poorly on your strangely shaped body.
You have a long armoured tail.
You roll when moving toward enemies. (Rampage)
Your long tongue fully drains potion bottles. (2x potion effects)
Your tongue gives you trouble enunciating. (1.5x scroll delay)


Message History

There is an open door here.
You see here a +1 hand axe of electrocution.
There is an open door here.
There is a shimmering blue altar of Sif Muna here.
You now have 304 gold pieces (gained 7).
You see here a +0 leather armour.
There is an open door here.
You open the door.
A slime creature comes into view.
Found four altars.
You roll towards the slime creature!
The slime creature quivers.
The slime creature hits you.
You hit the slime creature.
The slime creature is lightly wounded.
The slime creature hits you!
You hit the slime creature.
The slime creature is lightly wounded.
The slime creature barely misses you.
You hit the slime creature but do no damage.
You hit the slime creature. You tail-slap the slime creature.
The slime creature is lightly wounded.
The slime creature hits you!
You hit the slime creature.
The slime creature is moderately wounded.
The slime creature hits you!
You hit the slime creature.
The slime creature is moderately wounded.
The slime creature hits you but does no damage.
You hit the slime creature. You tail-slap the slime creature!
The slime creature is heavily wounded.
You hit the slime creature but do no damage.
The slime creature is heavily wounded.
The slime creature hits you!
* * * LOW HITPOINT WARNING * * *
You hit the slime creature.
Your tail-slap misses the slime creature.
The slime creature is heavily wounded.
The slime creature hits you!
You die...

###################
#<.#.)'..#).'..#__#
#..'..#..').#..'@J+
#..#####'#####'#__#
#..####..#...#[####
#..#__####..##.#
#..#_____##'#_.+
#⌠⌠#_.∩..†'..._#
####_..__##_.#'#
#_____###+#)#
####### ###


You could see a slime creature.

Vanquished Creatures
  A yak (D)
  An ogre (D)
  A jelly (D)
  Ijyb (D)
4 creatures vanquished.

Vanquished Creatures (collateral kills)
  Sigmund (D)
1 creature vanquished.

Grand Total: 5 creatures vanquished

Notes
Turn   | Place    | Note
-------+----------+-------------------------------------------
     0 | D        | mhtbhm the Armataur Brigand began the quest for the Orb.
     0 | D        | Reached XP level 1. HP: 18/18 MP: 1/1
     1 | D        | Noticed Ijyb
     7 | D        | Killed Ijyb
     8 | D        | Reached skill level 7 in Stealth
     8 | D        | Reached XP level 2. HP: 26/26 MP: 2/2
   146 | D        | Noticed an ogre
   151 | D        | Noticed Sigmund
   159 | D        | Killed Sigmund
   160 | D        | Reached skill level 11 in Stealth
   160 | D        | Reached XP level 3. HP: 33/33 MP: 3/3
   160 | D        | Reached XP level 4. HP: 40/40 MP: 4/4
   160 | D        | Reached XP level 5. HP: 48/48 MP: 5/5
   200 | D        | Killed an ogre
   201 | D        | Reached skill level 1 in Dodging
   201 | D        | Reached skill level 12 in Stealth
   201 | D        | Reached XP level 6. HP: 26/55 MP: 6/6
   308 | D        | Found an ornate altar of the Wu Jian Council.
   308 | D        | Found a shimmering blue altar of Sif Muna.
   310 | D        | Found a radiant altar of Vehumet.
   315 | D        | Reached skill level 13 in Stealth
   317 | D        | Found Nozail's Distillery.
   317 | D        | Found an ancient bone altar of Kikubaaqudgha.
   317 | D        | Found a hazy altar of Hepliaklqana.
   317 | D        | Found a stormy altar of Qazlal.
   317 | D        | Found a hide-covered altar of Uskayaw.
   317 | D        | Found a blossoming altar of Fedhas.
   317 | D        | Found a bloodstained altar of Trog.
   317 | D        | Found an iron altar of Okawaru.
   317 | D        | Found a basalt altar of Yredelemnul.
   317 | D        | Found a glowing golden altar of the Shining One.
   317 | D        | Found a snail-covered altar of Cheibriados.
   317 | D        | Found a sacrificial altar of Ru.
   317 | D        | Found a glowing silver altar of Zin.
   317 | D        | Found a shadowy altar of Dithmenos.
   317 | D        | Found a white marble altar of Elyvilon.
   317 | D        | Noticed a yak
   318 | D        | Found an opulent altar of Gozag.
   318 | D        | Killed a yak
   319 | D        | Reached skill level 5 in Short Blades
   319 | D        | Reached skill level 14 in Stealth
   319 | D        | Found a sparkling altar of Nemelex Xobeh.
   327 | D        | Became a worshipper of Dithmenos the Shadowed
   373 | D        | Found a burning altar of Makhleb.
   373 | D        | Found a viscous altar of Jiyva.
   373 | D        | Found a shimmering altar of Xom.
   373 | D        | Found a corrupted altar of Lugonu.
   373 | D        | Noticed a slime creature
   383 | D        | Slain by a slime creature

Illustrated notes

Levels and vault maps discovered:
D:        dungeon_sprint_1 [red_sonja_temple_1, red_sonja_temple_small_1]

Skill      XL: |  1  2  3  4  5  6 |
---------------+-------------------+-----
Fighting       | 2 3 4 |  4.2
Short Blades   | 2 3 4 5 |  5.0
Throwing       | 2 3 4 |  4.5
Stealth        | 7 11 12 14 | 14.6
Dodging        | 1 |  1.1

Action                   |  1- 3 |  4- 6 || total
-------------------------+-------+-------++-------
Melee: Dagger            |     3 |    14 ||    17
       Tailslap          |       |     3 ||     3
Throw: Dart              |       |     4 ||     4
Evoke: Wand              |     1 |       ||     1
  Use: Potion            |     2 |       ||     2
 Stab: Sleeping          |     1 |     2 ||     3
Armor: Robe              |       |     1 ||     1
Dodge: Dodged            |     1 |     1 ||     2

Table legend: (Time is in decaauts)
 A = Elapsed time spent in this place.
 B = Non-inter-level travel time spent in this place.
 C = Inter-level travel time spent in this place.
 D = Time resting spent in this place.
 E = Time spent auto-exploring this place.
 F = Levels seen in this place.
 G = Mean time per level.
                   A        B        C        D        E       F      G
               +--------+--------+--------+--------+--------+-----+--------+
         Total |    384 |    384 |      0 |    212 |      1 |   1 |  384.0 |
       Dungeon |    384 |    384 |      0 |    212 |      1 |   1 |  384.0 |
               +--------+--------+--------+--------+--------+-----+--------+

Top non-repeatable levels by time:
       D: 384 daAuts
